 Dungeon Crawl Stone Soup version 0.18-a0-1413-g4eaa9ac (console) character file.

2102209 stickyfingers the Traitor (level 27, 184/254 HPs)
             Began as a Minotaur Skald on Feb 22, 2016.
             Was an Initiate of Yredelemnul (penitent).
             Escaped with the Orb
             ... and 4 runes on Feb 25, 2016!
             The game lasted 14:24:56 (89214 turns).

stickyfingers the Traitor (Minotaur Skald)         Turns: 89214, Time: 14:24:56

Health: 184/254    AC: 44    Str: 36    XL:     27
Magic:  31/33      EV: 38    Int: 17    God:    Yredelemnul [*]
Gold:   3730       SH: 17    Dex: 29    Spells: 15 memorised, 9 levels left

rFire  + + +     SeeInvis .     a - +9 demon whip (vamp)
rCold  + . .     Gourm    .     K - +12 chain mail "Vosyrev" {Dex+5}
rNeg   + + .     Faith    .     J - +3 warlock's mirror {reflect}
rPois  +         Spirit   .     U - +4 hat of Uvvimag {rN+ MR+ Str+4}
rElec  +         Dismiss  .     k - +2 cloak "Yfoqi" {rElec rF+++ MR- Slay+3}
rCorr  +         Reflect  +     P - +2 pair of gloves {Str+3}
SustAt .         Harm     .     Z - +2 pair of boots {run}
MR     +++..                    V - +5 amulet of reflection
Stlth  ..........               O - ring of the Fool {rElec rN+ Str+4}
                                l - ring of protection from magic

@: mighty, brilliant, agile, resistant, repel missiles, quick, extremely
resistant to hostile enchantments, extremely unstealthy
A: retaliatory headbutt, horns 2, blurry vision 1, clever 1, low mp 1, sturdy
frame 1
a: Renounce Religion
0: Orb of Zot
}: 4/15 runes: decaying, slimy, silver, gossamer


You escaped.
You worshipped Yredelemnul.
Yredelemnul was demanding penance.
You were very full.

You visited 13 branches of the dungeon, and saw 62 of its levels.
You visited 2 bazaars.
You also visited: Volcano and Wizlab.

You collected 7799 gold pieces.
You spent 4069 gold pieces at shops.

Inventory:

Hand Weapons
 a - a +9 vampiric demon whip (weapon)
   (You took it off Margery on level 1 of the Depths)
Missiles
 g - 884 stones (quivered)
Armour
 k - the +2 cloak "Yfoqi" (worn) {rElec rF+++ MR- Slay+3}
   (You found it on level 2 of the Depths)

   It affects your accuracy and damage with ranged weapons and melee attacks
   (+3).
   It renders you almost immune to fire.
   It insulates you from electricity.
   It affects your resistance to hostile enchantments.
 J - the +3 warlock's mirror (worn) {reflect}
   (Okawaru gifted it to you on level 3 of the Spider Nest)
 K - the +12 chain mail "Vosyrev" (worn) {Dex+5}
   (You bought it in a shop on level 2 of the Orcish Mines)

   It affects your dexterity (+5).
 P - a +2 pair of gloves of strength (worn)
   (Okawaru gifted it to you on level 2 of the Swamp)
 U - the +4 hat of Uvvimag (worn) {rN+ MR+ Str+4}
   (Okawaru gifted it to you on level 3 of the Crypt)

   It affects your strength (+4).
   It protects you from negative energy.
   It affects your resistance to hostile enchantments.
 Z - a +2 pair of boots of running (worn)
   (Okawaru gifted it to you on level 11 of the Dungeon)
Jewellery
 c - the amulet of Irchatayh {*Confuse rN++ Regen+ Str+2 Dex+2}
   (You bought it in a shop on level 4 of the Vaults)

   [amulet of regeneration]

   It affects your strength (+2).
   It affects your dexterity (+2).
   It greatly protects you from negative energy.
   It increases your rate of regeneration.
   It may confuse you when you take damage.
 l - a ring of protection from magic (left hand)
   (You took it off a deep elf mage on level 2 of the Elven Halls)
 m - the ring "Qounint" {Wiz rC+}
   (You acquired it on level 11 of the Dungeon)

   [ring of wizardry]

   It improves your spell success rate.
   It protects you from cold.
 n - an uncursed ring of poison resistance
   (You found it on level 3 of the Lair of Beasts)
 B - the amulet of Biprir {Spirit -Tele rElec Dex+7}
   (You found it on level 1 of the Depths)

   [amulet of guardian spirit]

   It causes incoming damage to be split between your health and magic.
   It affects your dexterity (+7).
   It insulates you from electricity.
   It prevents most forms of teleportation.
 C - an uncursed ring of see invisible
   (You bought it in a shop in a bazaar)
 D - a +3 ring of evasion
   (You took it off a deep elf archer on level 3 of the Elven Halls)
 L - an uncursed ring of flight
   (You took it off a yaktaur captain on level 5 of the Vaults)
 O - the ring of the Fool (right hand) {rElec rN+ Str+4}
   (You found it on level 3 of the Crypt)

   [ring of positive energy]

   It affects your strength (+4).
   It insulates you from electricity.
   It protects you from negative energy.
 V - a +5 amulet of reflection (around neck)
   (You found it on level 6 of the Pits of Slime)
Wands
 b - a wand of digging (7/24)
   (You found it on level 5 of the Realm of Zot)
 i - a wand of heal wounds (7/9)
   (You acquired it on level 11 of the Dungeon)
 q - a wand of digging (11/24)
   (You found it on level 15 of the Dungeon)
 r - a wand of acid (10/15)
   (You found it on level 1 of the Crypt)
 s - a wand of teleportation (2/9)
   (You took it off a big kobold on level 10 of the Dungeon)
 F - a wand of disintegration (7/24)
   (You found it on level 7 of the Lair of Beasts)
Scrolls
 e - 10 scrolls of recharging
 j - 14 scrolls of teleportation
 w - 11 scrolls of fear
 y - 31 scrolls of remove curse
 A - a scroll of holy word
 M - 2 scrolls of blinking
 S - 3 scrolls of summoning
 W - 6 scrolls of fog
Potions
 o - 5 potions of magic
 p - 3 potions of cancellation
 t - 8 potions of flight
 v - 9 potions of ambrosia
 x - 7 potions of agility
 E - 5 potions of haste
 I - 9 potions of might
 N - 7 potions of brilliance
 R - 3 potions of resistance
 Y - 14 potions of curing
Miscellaneous
 d - the horn of Geryon
   (You took it off Geryon in the Vestibule of Hell)
 h - a box of beasts
   (You found it on level 8 of the Lair of Beasts)
 u - a fan of gales
   (You found it on level 1 of the Depths)
 z - a lamp of fire
   (You found it on level 6 of the Pits of Slime)
 G - a disc of storms
   (You found it on level 2 of the Elven Halls)
 H - a phial of floods
   (You found it on level 12 of the Dungeon)
 Q - a sack of spiders {used: 2}
   (You found it on level 3 of the Depths)
 T - a lantern of shadows
   (You found it on level 3 of the Elven Halls)
 X - a stone of tremors
   (You found it on level 3 of the Elven Halls)
Comestibles
 f - 26 bread rations


   Skills:
 - Level 22.0 Fighting
 - Level 14.0(15.5) Maces & Flails
   Level 11.6(14.3) Staves
 - Level 22.0 Armour
 - Level 22.0 Dodging
 - Level 13.0 Shields
 - Level 6.0 Spellcasting
 - Level 4.0 Hexes
 - Level 8.0 Charms
 - Level 6.0 Summonings
 - Level 8.0 Necromancy
 - Level 6.0 Translocations
 - Level 2.0 Air Magic
 - Level 22.1 Invocations
 * Level 17.9 Evocations


You had 9 spell levels left.
You knew the following spells:

 Your Spells              Type           Power        Failure   Level  Hunger
a - Apportation           Tloc           #####.....   1%          1    None
b - Spectral Weapon       Hex/Chrm       #####...     1%          3    ##.....
g - Shroud of Golubria    Chrm/Tloc      #####.....   1%          2    None
p - Cure Poison           Pois           ###.......   4%          2    None
r - Regeneration          Chrm/Necr      #####.....   1%          3    ##.....
z - Infusion              Chrm           ####         1%          1    None
A - Animate Skeleton      Necr           N/A          1%          1    None
B - Blink                 Tloc           N/A          1%          2    None
F - Summon Butterflies    Summ           #####...     1%          1    None
K - Summon Small Mammal   Summ           ####         1%          1    None
M - Repel Missiles        Chrm/Air       ####..       1%          2    None
R - Corpse Rot            Necr           N/A          1%          2    None
S - Swiftness             Chrm/Air       ####....     1%          2    None
X - Animate Dead          Necr           N/A          1%          4    ####...
Z - Song of Slaying       Chrm           #####...     1%          2    None


Dungeon Overview and Level Annotations

Branches:
Dungeon (15/15)            Temple (1/1) D:7            Lair (8/8) D:11
  Swamp (4/4) Lair:3       Spider (4/4) Lair:6        Slime (6/6) Lair:8
    Orc (2/2) D:10            Elf (3/3) Orc:2        Vaults (5/5) D:13
  Crypt (3/3) Vaults:3       Tomb (0/3) Crypt:3      Depths (5/5) D:15
   Hell (1/1)                 Dis (0/7) Hell            Geh (0/7) Hell
    Coc (0/7) Hell            Tar (0/7) Hell            Zot (5/5) Depths:5

Altars:
Ashenzari
Cheibriados
Dithmenos
Elyvilon
Fedhas
Gozag
Kikubaaqudgha
Makhleb
Nemelex Xobeh
Okawaru
Pakellas
Qazlal
Ru
Sif Muna
Trog
Vehumet
Xom
Yredelemnul
Zin
The Shining One

Shops:
D:8 (   D:9 [   D:12 =   Orc:1 %   Orc:2 (*[*%   Elf:1 (   Vaults:1 (
Vaults:3 %*(((   Vaults:4 =   Vaults:5 *

Portals:
Hell: Depths:1 Depths:2 Depths:3 Depths:4 Depths:5
Abyss: Depths:1 Depths:4
Pandemonium: Depths:1 Depths:3 Depths:4
Ziggurat: Depths:2


Innate Abilities, Weirdness & Mutations

You reflexively headbutt those who attack you in melee.
You have a pair of horns on your head.
Scrolls take you a little longer to read.
Your mind is acute. (Int +2)
Your magical capacity is low (-10% MP).
Your movements are slightly less encumbered by armour (ER -2).


Message History

Press: ? - help, Shift-Dir - straight line The rock shatters into small pieces.
This wand has 8 charges left.
You feel sick.
A hellwing comes into view.
You feel sick.
A smoke demon comes into view.
Your skin is crawling a little less now.
You feel sick.
The smoke demon roars!
You hear a roar!
You completely miss the hellwing.
You headbutt the hellwing, but do no damage.
You feel sick.
The hellwing hits you but does no damage.
The hellwing completely misses you. The smoke demon gestures at you.
Something smites you!
You thrash the hellwing!!
The hellwing is severely wounded.
A hellwing comes into view.
The hellwing blocks your attack.
You headbutt the hellwing, but do no damage.
The hellwing is severely wounded.
You feel sick. The hellwing hits you! You block the hellwing's attack.
The smoke demon gestures at you. Something smites you!
You whack the hellwing!
The hellwing is severely wounded.
The hellwing moves out of view.
The hellwing blocks your attack.
Your headbutt misses the hellwing.
The hellwing is severely wounded.
The hellwing completely misses you. You furiously retaliate!
You headbutt the hellwing!
The hellwing's corpse armour sloughs away.
The hellwing misses you.
You whack the hellwing!
You kill the hellwing!
You feel sick.
You feel sick. You block the smoke demon's attack. The smoke demon misses you.
The smoke demon hits you but does no damage.
A smoke demon comes into view.
You thrash the smoke demon!!
The smoke demon is almost dead.
You whack the smoke demon!
You kill the smoke demon!
The smoke demon misses you. The smoke demon barely misses you.
You block the smoke demon's attack.
You hit the hellwing. Your headbutt misses the hellwing.
The hellwing is lightly wounded.
Your skin stops crawling.
You feel sick.
The hellwing hits you but does no damage.
You block the hellwing's attack.
You barely miss the hellwing. You headbutt the hellwing!
The hellwing is moderately wounded.
The smoke demon barely misses you. You furiously retaliate!
You headbutt the smoke demon. You block the smoke demon's attack. x2
You thrash the hellwing!!
You headbutt the hellwing, but do no damage.
The hellwing is almost dead.
You block the hellwing's attack. x2
You hit the hellwing but do no damage. You headbutt the hellwing!
You kill the hellwing!
You feel sick. The smoke demon gestures at you. The ball of steam misses you.
You thrash the smoke demon!!
The smoke demon is almost dead.
You thrash the smoke demon!!
You kill the smoke demon!
No target in view!
You feel sick.
There is a stone staircase leading up here.
Unknown command.
Unknown command.
Unknown command.
Eat which item? (? for menu, Esc to quit)
Okay, then.
Unknown command.
Eat which item? (? for menu, Esc to quit)
You continue eating.
You feel sick.
You continue eating.
You finish eating.
That bread ration really hit the spot!
Eat which item? (? for menu, Esc to quit)
You feel sick.
You continue eating. x2
You finish eating.
That bread ration really hit the spot!
Unknown command.
Casting: Regeneration
Confirm with . or Enter, or press ? or * to list all spells.
Your skin crawls.
You feel sick.
Casting: Regeneration
Confirm with . or Enter, or press ? or * to list all spells.
Your skin crawls.
You hear a grinding noise.
Unknown command.
You hear a grinding noise.
You climb upwards.
You feel sick.
There is a stone staircase leading down here.
Unknown command.
You see here a robe.
You feel sick.
There is a stone staircase leading up here.
You climb upwards.
There is a stone staircase leading down here.
Unknown command.
You feel sick. The adder completely misses you.
You miss the adder. You headbutt the adder!
You kill the adder!
Yredelemnul accepts your kill.
No target in view!
You see here an adder corpse.
You feel sick.
You are no longer poisoned.
A ynoxinul comes into view.
Your skin is crawling a little less now.
You feel a little less mighty now.
The ynoxinul gestures.
There is a stone staircase leading up, spattered with blood here.
The ynoxinul gestures.
You climb upwards.
Your skin stops crawling.
There is a stone staircase leading down here.
Unknown command.
Evoke which item? (* to show all) (? for menu, Esc to quit)
Zapping:
b - a wand of digging (8/24)
Press: ? - help, Shift-Dir - straight line The rock shatters into small pieces.
This wand has 7 charges left.
There is a staircase leading out of the dungeon here.
Drink which item? (? for menu, Esc to quit)
You feel clever all of a sudden.
Drink which item? (? for menu, Esc to quit)
You feel very mighty all of a sudden.
Drink which item? (? for menu, Esc to quit)
You feel agile all of a sudden.
Drink which item? (? for menu, Esc to quit)
You feel protected.
Read which item? (? for menu, Esc to quit)
You begin reading the scroll.
You continue reading the scroll.
As you read the scroll of holy word, it crumbles to dust.
You speak a Word of immense power!
You feel extremely guilty. "You will pay for your transgression, mortal!"
Drink which item? (? for menu, Esc to quit)
Okay, then.
Read which item? (? for menu, Esc to quit)
You begin reading the scroll.
You continue reading the scroll.
As you read the scroll of summoning, it crumbles to dust.
Wisps of shadow whirl around you...
You have escaped!

...........................>.#.#
##....##....##.#..#.#.......##.#
.#....##)###...#..#.#.#........#
.#....##.....###....#.....#.####
.#....##.....# ##............#
##....##.....# ######...#.#.#
#....##.....########.#.##.#.#
#....##.....##g.h##.##....#.#
##....##.....##g@.#.########.#
......##.....##....## ###
#......#.....###hh##
..#+##.#.....#.....#####
.......#####)#..)..#...#
....#### #.'..⌠..'.8.# .......#
###.....#...# ..#.##.#
#.....##### .....#.# ###'###


You could see 3 friendly jackals, a friendly hobgoblin and a friendly goblin.

Vanquished Creatures
  the Royal Jelly (Slime:6)
  An orb of fire (Zot:5)
  A pandemonium lord (D:4)
  4 ancient liches (Vaults:5 Zot:5)
  Boris (twice) (Crypt:3 Depths:3)
  Frederick (Depths:5)
  A caustic shrike (Depths:3)
  Margery (Depths:1)
  A Killer Klown (Zot:5)
  A curse toe (Zot:3)
  Saint Roka (Depths:1)
  Geryon (Hell)
  7 golden dragons (Depths:3 Depths:4 Depths:5 Vaults:5 Zot:2)
  Xtahua (Vaults:4)
  Nikola (Swamp:2)
  The ghost of RobertPalmer the Fencer, an adept DrCK of Xom (Vaults:1)
  A bone dragon (Depths:5)
  The ghost of Duffy the Executioner, a veteran TeGl of Cheibriados (Vaults:5)
  Jory (Crypt:3)
  the Enchantress (Depths:4)
  Arachne (Spider:3)
  6 liches (Depths:3 Depths:4 Depths:5 Vaults:5)
  2 electric golems (Zot:5)
  Jorgrun (Spider:4)
  11 tentacled monstrosities (Depths:4 Vaults:5 Zot:2 Zot:4 Zot:5)
  Rupert (Orc:2)
  A moon troll (WizLab)
  4 deep elf blademasters (Elf:2 Elf:3 Depths:2)
  2 deep elf master archers (Elf:3)
  Asterion (Vaults:1)
  17 Orb Guardians (Zot:5)
  4 titans (Vaults:5)
  2 death cobs (Zot:5)
  An Executioner (D:4)
  8 tentacled starspawn (WizLab)
  24 acid blobs (Slime:1 Slime:2 Slime:3 Slime:4 Slime:5)
  10 sphinxes (Vaults:4 Depths:3 Depths:4 Vaults:5)
  6 ancient champions (Crypt:3)
  2 thorn hunters (Swamp:3 Swamp:4)
  Frances (Swamp:1)
  3 revenants (Crypt:2 Crypt:1)
  9 storm dragons (D:11 Depths:4 Depths:5 Vaults:4 Vaults:5)
  6 shadow dragons (Hell Depths:4 Vaults:5 Zot:5)
  3 draconian monks (Depths:5 Zot:4)
  4 draconian knights (Zot:1 Zot:3 Zot:4)
  Wiglaf (Spider:4)
  14 azure jellies (Slime:2 Slime:6 Slime:5)
  4 tengu reavers (Depths:2 Depths:1 Vaults:5)
  9 vault wardens (Vaults:1 Vaults:4 Vaults:5)
  6 fire giants (D:15 Vaults:3 Depths:2 Depths:3 Vaults:4)
  2 draconian zealots (Zot:1 Zot:3)
  7 ghost moths (Spider:3 Spider:4 Zot:5)
  4 iron dragons (Depths:4 Vaults:5)
  8 deep elf sorcerers (Elf:3 Vaults:2 Vaults:3 Depths:5 Vaults:5)
  Aizul (Vaults:4)
  2 draconian scorchers (Zot:4)
  3 emperor scorpions (Spider:1 Spider:4)
  A cacodemon (WizLab)
  2 curse skulls (Crypt:1 Crypt:3)
  2 frost giants (Vaults:4 Depths:4)
  2 orc warlords (Depths:2)
  2 deep elf elementalists (Elf:3)
  14 ironheart preservers (Vaults:2 Vaults:3 Vaults:4 Vaults:5)
  5 ghouls (Crypt:1 Crypt:3)
  7 spriggan defenders (Depths:3 Depths:4)
  6 war gargoyles (WizLab Vaults:5)
  A draconian annihilator (Depths:5)
  26 vampire knights (Crypt:1 Crypt:2 Crypt:3 Depths:4)
  19 very ugly things (Vaults:4 Depths:2 WizLab Depths:3 Depths:4)
  6 reapers (Hell)
  A draconian caller (Zot:4)
  4 salamander stormcallers (Vaults:2 Vaults:3 Hell Depths:4)
  11 deep elf demonologists (Elf:3 Vaults:2 Vaults:3 Vaults:5)
  11 deep elf annihilators (Elf:3 Vaults:5 Depths:5)
  21 stone giants (Vaults:3 Depths:1 Depths:2 WizLab Depths:3)
  Nessos (D:13)
  2 lorocyprocas (Hell Depths:3)
  A green draconian (Zot:3)
  3 yellow draconians (Depths:5 Zot:1 Zot:3)
  Azrael (Elf:1)
  5 spark wasps (Spider:4 Depths:4 Depths:5)
  3 black draconians (Zot:1 Zot:3)
  5 mottled draconians (Depths:5 Zot:4 Zot:5)
  3 red draconians (Zot:1 Zot:3 Zot:4)
  4 white draconians (Zot:1 Zot:3 Zot:4)
  2 blizzard demons (Hell)
  A green death (Hell)
  7 purple draconians (Depths:5 Zot:4 Zot:5)
  2 eidola (Crypt:3)
  Snorg (Lair:6)
  12 deep elf death magi (Elf:3 Crypt:2 Crypt:3 Depths:3 Vaults:5)
  5 ettins (Vaults:4 Depths:1 Depths:4 Depths:5)
  6 jiangshi (Crypt:3 Crypt:2)
  A merfolk javelineer (Depths:2)
  26 vault guards (Vaults:4 Vaults:5)
  A fire dragon (shapeshifter) (Vaults:5)
  9 death oozes (Slime:2 Slime:3 Slime:4 Slime:6)
  21 yaktaur captains (Vaults:2 Vaults:3 Vaults:4 Depths:2 Depths:3)
  20 great orbs of eyes (Depths:1 Depths:2 WizLab Depths:3 Depths:5)
  15 fire dragons (Vaults:1 Depths:1 Depths:3 Depths:4 Depths:5)
  4 deep elf high priests (Elf:3 Depths:4 Vaults:5)
  4 rakshasas (Vaults:2 Depths:2 Depths:3)
  10 ice dragons (Depths:2 Depths:4 Depths:5 Zot:1 Zot:2)
  13 ogre magi (D:13 D:15 Vaults:1 Vaults:2 Vaults:3)
  A quicksilver dragon skeleton (Crypt:2)
  A hell beast (D:6)
  19 hydras (Lair:4 Lair:7 D:12 Swamp:1 Swamp:2)
  4 ghost crabs (Swamp:3 Swamp:4)
  9 entropy weavers (Spider:4 Depths:1 Depths:4 Depths:5)
  3 catoblepae (Lair:8 D:13)
  3 death knights (Vaults:2 Vaults:3 Crypt:1)
  12 alligators (Swamp:1 Swamp:2 Swamp:3 Swamp:4)
  4 spriggan air magi (Depths:4 Depths:5)
  A satyr (shapeshifter) (Elf:1)
  9 centaur warriors (Orc:2 D:13 D:14 Vaults:1 Vaults:2)
  6 tengu warriors (D:13 D:14 Depths:2 Depths:3 Depths:4)
  30 dancing weapons (Elf:1 Elf:2 Elf:3 Crypt:3 Vaults:5)
  An iron giant skeleton (Crypt:1)
  4 deep troll shamans (Lair:8 Depths:4 Depths:5)
  Erolcha (Orc:1)
  15 death yaks (Lair:6 Lair:7 Lair:8)
  9 deep troll earth magi (Vaults:3 Vaults:4 Depths:1 Depths:2 Depths:5)
  13 vampire magi (Crypt:1 Crypt:2 Crypt:3 Depths:1 Depths:4)
  10 hell knights (Depths:1 Hell)
  6 spriggan berserkers (Depths:1 Depths:3 Depths:4 Depths:5)
  A shock serpent (Hell)
  12 hell hogs (Hell)
  A storm dragon zombie (Crypt:3)
  Sonja (D:14)
  7 soul eaters (Crypt:1 Hell)
  10 sun demons (Hell D:6)
  5 shadow wraiths (Vaults:1 Crypt:3 Hell)
  17 deep elf knights (Elf:1 Elf:2 Vaults:1 Vaults:3 Vaults:4)
  2 iron trolls (Depths:4)
  47 skeletal warriors (Vaults:1 Crypt:1 Crypt:2 Crypt:3 Hell)
  2 fire crabs (Vaults:3 Vaults:5)
  An orange crystal statue (WizLab)
  A salamander mystic (Vaults:2)
  A wretched star (WizLab)
  21 deep trolls (Vaults:3 Vaults:4 Depths:1 Depths:2 Depths:5)
  A golden dragon zombie (Crypt:2)
  2 anaconda zombies (Crypt:3 Hell)
  7 swamp dragons (Swamp:2 Swamp:4 Swamp:3)
  A kraken simulacrum (Hell)
  4 unseen horrors (Vaults:1 Depths:4)
  4 spriggan druids (Swamp:3 Swamp:4)
  6 giant orange brains (WizLab Slime:4 Slime:5)
  A shadow demon (Depths:5)
  3 flayed ghosts (Vaults:1 Depths:3 Depths:5)
  22 phantasmal warriors (Crypt:1 Crypt:2 Crypt:3 Vaults:5)
  17 deep elf archers (Elf:1 Elf:2 Elf:3 Vaults:2 Vaults:3)
  A wizard (Depths:3)
  2 shambling mangroves (Swamp:1 Swamp:2)
  17 orc knights (Orc:1 Orc:2 Vaults:1 Vaults:2 Vaults:4)
  5 hill giants (D:12 D:14 D:15 Vaults:1)
  3 lindwurms (Lair:6 Lair:8 Volcano)
  13 ironbrand convokers (Vaults:1 Vaults:2 Vaults:3 Vaults:4 Vaults:5)
  10 harpies (Vaults:3 Vaults:5)
  5 necromancers (Crypt:2 Crypt:3 Depths:1 Hell)
  16 orb spiders (Spider:1 Spider:2 Spider:3 Spider:4)
  12 large abominations (Depths:4 Vaults:5 D:4)
  55 deep elf magi (Elf:1 Elf:2 Elf:3 Vaults:2 Vaults:3)
  A wolf spider zombie (Crypt:3)
  An iron dragon zombie (Crypt:3)
  A fire giant zombie (Crypt:3)
  A manticore (shapeshifter) (Elf:3)
  2 frost giant zombies (Crypt:3 Hell)
  3 griffons (Lair:6 Lair:8 Vaults:3)
  6 orc sorcerers (Orc:2 Vaults:2)
  38 ugly things (D:11 D:13 Vaults:2 Vaults:3 Vaults:4)
  3 manticores (D:10 D:13 D:14)
  A shining eye (Slime:5)
  3 cyclopes (Vaults:1 Vaults:2 D:15)
  11 salamanders (Vaults:2 Depths:4 Depths:5)
  A shadow dragon skeleton (Crypt:1)
  36 wolf spiders (Spider:1 Spider:2 Spider:3 Spider:4 Vaults:1)
  14 hornets (Swamp:2 Spider:2 Spider:3 Spider:4 Vaults:1)
  7 moths of wrath (Spider:3 Zot:3 Zot:4 Zot:5)
  A stone giant zombie (Hell)
  A fire giant skeleton (Crypt:2)
  A salamander (shapeshifter) (Vaults:3)
  A guardian serpent (shapeshifter) (Depths:1)
  2 sixfirhies (D:12 D:9)
  18 elephants (Lair:7 Lair:8)
  15 vault sentinels (Vaults:1 Vaults:2 Vaults:3 Vaults:4 Vaults:5)
  3 black mambas (Lair:2 Lair:4 Lair:5)
  21 spiny frogs (Lair:1 Lair:2 Lair:3 Lair:6 Lair:7)
  7 eyes of devastation (WizLab Slime:4 Slime:5 Slime:6)
  2 ice statues (Hell)
  2 molten gargoyles (Volcano)
  4 gargoyles (D:6 D:10 D:11 Volcano)
  2 rust devils (Depths:3)
  5 spectral swamp worms (Depths:3)
  A spiny frog (shapeshifter) (Vaults:2)
  4 smoke demons (Hell D:15 D:4)
  4 torpor snails (Lair:3 Lair:6 Spider:4)
  An emperor scorpion zombie (Crypt:2)
  An efreet (D:13)
  A kobold demonologist (D:14)
  A catoblepas zombie (Hell)
  A yellow draconian zombie (Crypt:1)
  11 freezing wraiths (Vaults:2 Vaults:3 Crypt:1 Vaults:4)
  12 komodo dragons (Lair:1 Lair:2 Lair:4 Lair:5 Lair:6)
  4 hellwings (Depths:3 D:7 D:4)
  4 ice devils (Hell Depths:3 D:4)
  11 demonic crawlers (Spider:2 Spider:3 Spider:4 Hell)
  A sea snake zombie (Crypt:2)
  60 yaktaurs (Vaults:1 Vaults:3 Vaults:4 Depths:1 Depths:2)
  4 rime drakes (Lair:4 Lair:6)
  A rime drake (shapeshifter) (Elf:2)
  A yaktaur (shapeshifter) (Elf:1)
  A grey draconian skeleton (Crypt:3)
  5 guardian mummies (Crypt:3)
  2 hydra zombies (Crypt:3 Hell)
  A red devil (Hell)
  A polar bear (shapeshifter) (Depths:5)
  3 tengu conjurers (D:13 Depths:3 Depths:4)
  41 jumping spiders (Spider:1 Spider:2 Spider:3 Spider:4 Depths:1)
  A harpy zombie (Crypt:3)
  2 polar bears (Lair:8)
  2 trolls (shapeshifter) (Vaults:1)
  A giant leech (Swamp:1)
  4 trolls (Orc:1 D:14 D:15)
  Grinder (D:6)
  An ettin zombie (Crypt:3)
  23 two-headed ogres (D:13 D:15 Vaults:1 Vaults:2 Vaults:3)
  2 minotaur skeletons (Crypt:2 Crypt:3)
  2 fire dragon zombies (Crypt:3 Hell)
  19 blink frogs (Lair:1 Lair:2 Lair:7 Lair:8)
  7 boulder beetles (Lair:4 Lair:8 Vaults:3 Vaults:4)
  4 bog bodies (Swamp:1 Swamp:2 Crypt:1)
  7 air elementals (Elf:1 Depths:4 Depths:5)
  195 slime creatures (Swamp:1 Swamp:2 Swamp:3 Vaults:1 Vaults:2)
  13 spriggans (Swamp:1 Swamp:2 Depths:3 Depths:4 Depths:5)
  5 shadows (D:11 Swamp:2 Swamp:3 Crypt:1 Crypt:2)
  2 alligator skeletons (Hell)
  A fire dragon skeleton (Crypt:3)
  A vampire (Crypt:1)
  85 yaks (D:9 D:11 Lair:2 Lair:3 Lair:4)
  8 flying skulls (Crypt:1)
  10 wraiths (D:11 Crypt:1 Crypt:3)
  A ynoxinul (Depths:3)
  A redback (shapeshifter) (Depths:1)
  112 redbacks (Spider:1 Spider:2 Spider:3 Spider:4 Vaults:3)
  2 humans (shapeshifter) (Depths:4 Vaults:5)
  30 tarantellas (Spider:1 Spider:2 Spider:3 Spider:4 Depths:4)
  8 water elementals (Elf:3 Depths:1 Depths:2 Hell)
  8 wyverns (D:11 Lair:2 D:13 D:15 Lair:8)
  A hog (D:7)
  A basilisk (shapeshifter) (Vaults:3)
  9 hippogriffs (D:7 D:11 Lair:1 Lair:2 Lair:4)
  13 fire elementals (Volcano Orc:2 Elf:1 Hell)
  A human (D:7)
  4 hungry ghosts (D:8 D:10 D:11 D:14)
  13 golden eyes (WizLab Slime:5)
  4 basilisks (Lair:2 Lair:6 Lair:8 D:14)
  A steam dragon (D:11)
  21 vampire mosquitoes (D:14 D:15 Swamp:1 Swamp:2 Vaults:3)
  33 wolves (Lair:2 Lair:6 Lair:8 Lair:4)
  A hill giant skeleton (Crypt:2)
  2 mottled dragons (D:12)
  A faun zombie (Crypt:3)
  A warg (Orc:2)
  A merfolk zombie (Crypt:2)
  4 insubstantial wisps (Swamp:4)
  4 small abominations (Depths:4)
  23 swamp worms (Swamp:1 Swamp:2 Swamp:3 Swamp:4)
  42 water moccasins (D:6 D:7 Lair:2 Lair:3 Lair:4)
  3 hell hounds (Elf:1)
  8 porcupines (Lair:2 Lair:4 Lair:6)
  2 spiny frog zombies (Hell)
  A torturous demonspawn skeleton (Crypt:3)
  19 swamp drakes (Swamp:1 Swamp:2 Swamp:3 Swamp:4)
  A water nymph skeleton (Crypt:3)
  45 orc warriors (D:6 D:8 D:11 D:10 Orc:1)
  5 ice beasts (D:6 D:8 D:10 D:12 D:13)
  3 sky beasts (D:9 D:11 D:13)
  A snapping turtle zombie (Crypt:2)
  4 necrophages (D:6 D:10 Crypt:3)
  A spiny frog skeleton (Hell)
  3 black bears (D:8 Lair:8)
  14 wasps (Swamp:1 Swamp:2 Spider:1 Spider:2 Depths:3)
  2 phantoms (D:4 D:11)
  A swamp dragon zombie (Crypt:3)
  An elephant skeleton (Crypt:1)
  9 eyes of draining (Slime:1 Slime:3 Slime:4 Slime:6)
  58 ogres (D:5 D:7 D:8 Orc:1 Orc:2)
  2 boggarts (D:15)
  An anubis guard skeleton (Crypt:1)
  12 crocodiles (Lair:1 Lair:2 Lair:3 Lair:4 Lair:6)
  34 centaurs (D:6 D:7 D:10 D:12 Orc:2)
  A hog skeleton (Crypt:2)
  An elf zombie (D:11)
  6 big kobolds (D:8 D:9 D:10 D:11 D:14)
  A giant frog (shapeshifter) (Vaults:5)
  23 giant frogs (D:6 D:7 D:8 D:10 Lair:2)
  4 earth elementals (Elf:1 Elf:3)
  A salamander skeleton (Crypt:2)
  A shapeshifter zombie (Crypt:3)
  6 scorpions (D:6 D:8 Lair:3 D:12)
  13 killer bees (D:8 D:12 D:14 D:15)
  A troll skeleton (D:11)
  4 electric eels (D:8 Spider:3)
  25 wights (D:9 D:10 D:15 Crypt:1)
  11 crimson imps (D:5 D:6 D:7 D:8 D:9)
  2 centaur zombies (D:5 D:15)
  11 starcursed masses (WizLab)
  2 giant frog zombies (D:6)
  44 jellies (D:7 D:10 Lair:8 D:12 Slime:2)
  A quasit (D:8)
  An elf simulacrum (Crypt:3)
  2 giant frog skeletons (D:7 D:11)
  4 centaur skeletons (D:5 D:8 D:11 D:12)
  3 iron imps (Depths:3)
  4 human zombies (D:11)
  18 orc priests (D:3 D:4 D:8 D:9 D:11)
  8 hounds (D:4 D:6 D:8 D:12 D:13)
  2 human skeletons (D:11)
  8 iguanas (D:7 D:8 D:10 D:11 Lair:3)
  24 orc wizards (D:3 D:6 D:8 D:9 D:11)
  A porcupine zombie (Crypt:2)
  15 worker ants (D:5 D:6 D:7 D:8 D:9)
  A spriggan simulacrum (Crypt:3)
  17 sheep (D:7 Lair:6 D:15)
  A felid skeleton (Crypt:1)
  An ogre skeleton (D:11)
  A hound zombie (D:8)
  3 hound skeletons (D:7 D:8 D:9)
  7 mummies (Crypt:3)
  7 gnolls (D:1 D:2 D:3)
  27 adders (D:2 D:3 D:4 D:8 D:9)
  76 river rats (D:11 Lair:1 Lair:2 Lair:3 Lair:4)
  6 shadow imps (D:7 D:8 D:10 D:11 D:13)
  4 white imps (Hell Depths:3)
  An ufetubus (Depths:3)
  An ooze (Lair:8)
  3 adder skeletons (D:4 Crypt:1 D:7)
  3 worms (D:2 D:3)
  A dart slug (D:2)
  5 giant geckos (D:1 D:3 D:4 D:6 D:7)
  96 orcs (D:3 D:4 D:6 D:8 D:9)
  2 ball pythons (D:3 D:4)
  17 bats (D:2 D:3 D:11)
  5 giant cockroaches (D:1 D:2 D:3)
  12 goblins (D:1 D:2 D:3)
  7 hobgoblins (D:1 D:2 D:3)
  5 jackals (D:8)
  5 quokkas (D:3 D:4 D:5 D:6 D:8)
  A giant gecko skeleton (D:7)
  7 giant newts (D:2 D:4 D:6)
  A goblin zombie (Crypt:3)
  A hobgoblin skeleton (Crypt:1)
  34 kobolds (D:1 D:2 D:3 D:9 D:10)
  2 orc skeletons (D:11)
  A quokka skeleton (D:9)
  A quokka zombie (D:6)
  11 rats (D:1 D:2 D:11)
  A river rat skeleton (Crypt:2)
  A river rat zombie (Crypt:2)
  5 briar patches (Swamp:3 Swamp:4)
  A crawling corpse (Vaults:5)
  11 starspawn tentacles (WizLab)
3046 creatures vanquished.

Vanquished Creatures (collateral kills)
  A juggernaut (Depths:3)
  5 shining eyes (Slime:1 Slime:2 Slime:4 Slime:5 Slime:6)
  A slime creature (Slime:2)
  A jelly (Slime:6)
8 creatures vanquished.

Vanquished Creatures (others)
  An eldritch tentacle (Depths:3)
  A fire giant (Depths:3)
  A ghost moth (Spider:3)
  2 deep elf elementalists (Elf:3)
  A stone giant (WizLab)
  A spark wasp (Depths:3)
  A deep elf high priest (Depths:5)
  An ogre mage (Vaults:2)
  A deep elf knight (Elf:2)
  A spriggan druid (Swamp:4)
  An ironbrand convoker (Vaults:3)
  A necromancer (Depths:1)
  An ugly thing (Depths:5)
  A molten gargoyle (Volcano)
  4 yaktaurs (Depths:3 Vaults:5)
  4 vampire mosquitoes (Swamp:2)
  A boggart (D:15)
  A centaur (D:12)
  2 briar patches (Swamp:3 Swamp:4)
  3 demonic plants (WizLab)
  84 eldritch tentacle segments (Depths:3)
  2 fire vortices (Volcano)
  34 fungi (D:11 Lair:2 Lair:8 Depths:2 Lair:1)
  5 lost souls (Crypt:1 Crypt:2 Crypt:3)
  13 plants (Lair:8)
  31 starspawn tentacles (WizLab)
  359 starspawn tentacle segments (WizLab)
  4 tentacles (Hell)
  375 tentacle segments (Hell)
937 creatures vanquished.

Grand Total: 3991 creatures vanquished

Notes
Turn   | Place    | Note
--------------------------------------------------------------
     0 | D:1      | stickyfingers the Minotaur Skald began the quest for the Orb.
     0 | D:1      | Reached XP level 1. HP: 18/18 MP: 1/1
   328 | D:1      | Reached XP level 2. HP: 25/25 MP: 3/3
   792 | D:1      | Learned a level 2 spell: Shroud of Golubria
   958 | D:2      | Reached XP level 3. HP: 13/30 MP: 4/4
  1656 | D:2      | Reached skill level 5 in Maces & Flails
  1754 | D:2      | Reached XP level 4. HP: 34/37 MP: 0/5
  2879 | D:3      | Reached XP level 5. HP: 42/42 MP: 6/6
  3317 | D:3      | Reached XP level 6. HP: 35/50 MP: 7/7
  4824 | D:5      | Entered Level 5 of the Dungeon
  4841 | D:5      | Reached XP level 7. HP: 48/56 MP: 8/8
  4877 | D:5      | Found an iron altar of Okawaru.
  4883 | D:5      | Became a worshipper of Warmaster Okawaru
  4918 | D:5      | Identified the Reference Book on Mutagenic Envenoming (You found it on level 5 of the Dungeon)
  5587 | D:6      | Reached * piety under Okawaru
  5612 | D:6      | Reached XP level 8. HP: 35/62 MP: 9/9
  5757 | D:6      | Reached skill level 10 in Maces & Flails
  6084 | D:6      | Noticed a gargoyle
  6103 | D:6      | Killed a gargoyle
  6380 | D:6      | Got a twisted rapier
  6390 | D:5      | Found an oddly glowing altar of Pakellas.
  6455 | D:6      | Reached ** piety under Okawaru
  6488 | D:6      | Noticed Grinder
  6507 | D:6      | Killed Grinder
  6507 | D:6      | Reached XP level 9. HP: 68/68 MP: 10/10
  7110 | D:7      | Reached skill level 5 in Dodging
  7286 | D:7      | Reached *** piety under Okawaru
  7468 | D:7      | Reached skill level 5 in Fighting
  7511 | D:7      | Identified the +5 rapier "Baacw" {pierce, +Fly rF+ rC- SInv} (You found it on level 6 of the Dungeon)
  7513 | D:7      | Got a bloodstained long sword
  7514 | D:7      | Identified the +10 long sword of the Doomed Warrior {elec, +Blink MP+9 Str-5 Int-4 SInv} (You found it on level 7 of the Dungeon)
  7900 | D:8      | Reached **** piety under Okawaru
  7916 | D:8      | Reached XP level 10. HP: 81/81 MP: 11/11
  8039 | D:8      | Reached skill level 1 in Invocations
  8914 | D:8      | Found Pusiw's Antique Weapon Shoppe.
  9385 | D:9      | Reached skill level 1 in Staves
  9482 | D:7      | Found a staircase to the Ecumenical Temple.
  9487 | Temple   | Entered the Ecumenical Temple
  9592 | D:9      | Found a stormy altar of Qazlal.
  9593 | D:9      | Found a glowing golden altar of the Shining One.
  9664 | D:9      | Found Vavaxt's Armour Shop.
  9672 | D:9      | Bought a +0 cloak for 63 gold pieces
  9949 | D:9      | Reached skill level 5 in Staves
 10840 | D:10     | Entered Level 10 of the Dungeon
 10955 | D:10     | Got a warped longbow
 11045 | D:10     | Identified the Volume of the Forgotten Blessings
 11116 | D:10     | Noticed a manticore
 11128 | D:10     | Killed a manticore
 11128 | D:10     | Reached ***** piety under Okawaru
 11272 | D:10     | Noticed a gargoyle
 11285 | D:10     | Killed a gargoyle
 11432 | D:10     | Found a staircase to the Orcish Mines.
 11521 | D:11     | Reached XP level 11. HP: 84/86 MP: 12/12
 11717 | D:11     | Found a staircase to the Lair.
 11733 | D:11     | Identified the +4 longbow of Utofet {freeze, +Blink rF- rC+} (You found it on level 10 of the Dungeon)
 11794 | D:11     | Noticed a white ugly thing
 11812 | D:11     | Killed a white ugly thing
 11967 | D:11     | Noticed a six-headed hydra
 12028 | D:11     | Reached skill level 10 in Staves
 13038 | D:11     | Received a gift from Okawaru
 13042 | D:11     | Got a steaming quarterstaff {god gift}
 13080 | D:11     | Identified the +7 quarterstaff of the Realm of Zot {crush, Int+4 Dex+4} (Okawaru gifted it to you on level 11 of the Dungeon)
 13228 | D:11     | Learned a level 2 spell: Song of Slaying
 13232 | D:11     | Learned a level 3 spell: Regeneration
 13235 | D:11     | Learned a level 2 spell: Cure Poison
 13819 | D:11     | Found a basalt altar of Yredelemnul.
 13899 | D:11     | Upgraded the game from 0.18-a0-1390-gc02854d to 0.18-a0-1396-g8753ca6
 13900 | Lair:1   | Entered Level 1 of the Lair of Beasts
 16361 | Lair:2   | Received a gift from Okawaru
 16597 | Lair:2   | Reached XP level 12. HP: 89/100 MP: 14/14
 16601 | Lair:2   | Reached skill level 5 in Invocations
 16888 | Lair:2   | Received a gift from Okawaru
 17867 | Lair:3   | Found a staircase to the Swamp.
 18192 | Lair:3   | Reached ****** piety under Okawaru
 18397 | Lair:3   | Reached skill level 10 in Armour
 18989 | Lair:4   | Noticed a seven-headed hydra
 18998 | Lair:4   | Killed a seven-headed hydra
 18998 | Lair:4   | Received a gift from Okawaru
 19244 | Lair:4   | Reached XP level 13. HP: 92/113 MP: 17/17
 19307 | Lair:4   | Reached skill level 10 in Fighting
 19328 | Lair:4   | Reached skill level 10 in Dodging
 21380 | Lair:6   | Received a gift from Okawaru
 21690 | Lair:6   | Noticed Snorg
 21715 | Lair:6   | Killed Snorg
 21767 | Lair:6   | Found a hole to the Spider Nest.
 22283 | Lair:6   | Reached skill level 1 in Evocations
 22902 | Lair:7   | Received a gift from Okawaru
 23056 | Lair:7   | Reached skill level 5 in Evocations
 23239 | Lair:7   | Received a gift from Okawaru
 23827 | Lair:8   | Entered Level 8 of the Lair of Beasts
 23827 | Lair:8   | Found a blossoming altar of Fedhas.
 23851 | Lair:8   | Reached XP level 14. HP: 124/124 MP: 18/18
 24893 | Lair:8   | Found a staircase to the Slime Pits.
 26082 | Lair:8   | Received a gift from Okawaru
 26083 | Lair:8   | Got an encrusted dagger {god gift}
 26964 | D:12     | Found Ryzyphuy's Jewellery Boutique.
 27831 | Orc:1    | Entered Level 1 of the Orcish Mines
 27831 | Orc:1    | Found Meapn's Food Boutique.
 27831 | Orc:1    | Noticed Erolcha
 27836 | Orc:1    | Killed Erolcha
 27959 | Orc:1    | Reached XP level 15. HP: 107/134 MP: 19/19
 28011 | Orc:1    | Found a dark tunnel.
 28064 | Volcano  | Entered a volcano
 28752 | Orc:2    | Entered Level 2 of the Orcish Mines
 28752 | Orc:2    | Noticed Rupert
 28773 | Orc:2    | Found a staircase to the Elven Halls.
 29562 | Orc:2    | Received a gift from Okawaru
 29709 | Orc:2    | Killed Rupert
 30232 | Orc:2    | Found Taghahun's Food Shoppe.
 30673 | Orc:2    | Found Nugoazof's Assorted Antiques.
 30673 | Orc:2    | Found Leabrepp's Antique Armour Shop.
 30676 | Orc:2    | Found Iciomi's General Store.
 30678 | Orc:2    | Found Bieziwne's Antique Weapon Shoppe.
 30692 | Orc:2    | Bought an encrusted chain mail for 237 gold pieces
 30692 | Orc:2    | Bought a scroll labeled ROMEARE BATIOSH for 25 gold pieces
 30692 | Orc:2    | Bought a scroll labeled ONYDEAGUAT for 25 gold pieces
 30699 | Orc:2    | Bought a scroll of identify for 30 gold pieces
 30699 | Orc:2    | Bought a scroll of fog for 30 gold pieces
 30709 | Orc:2    | Identified the +4 chain mail of Gehenna {rElec rCorr} (You bought it in a shop on level 2 of the Orcish Mines)
 30711 | Orc:2    | Bought an ichor-stained chain mail for 304 gold pieces
 30726 | Orc:2    | Identified the +12 chain mail "Vosyrev" {Dex+5} (You bought it in a shop on level 2 of the Orcish Mines)
 30731 | Orc:2    | Bought a potion of curing for 45 gold pieces
 30731 | Orc:2    | Bought a scroll of teleportation for 45 gold pieces
 30734 | Orc:2    | Bought a scroll of identify for 50 gold pieces
 30734 | Orc:2    | Bought a ring of intelligence for 50 gold pieces
 31147 | D:13     | Noticed Nessos
 31201 | D:13     | Killed Nessos
 31201 | D:13     | Reached skill level 15 in Armour
 31463 | D:13     | Found a shadowy altar of Dithmenos.
 31734 | D:13     | Found a gate to the Vaults.
 32085 | D:14     | Noticed Sonja
 32426 | D:11     | Identified a scroll of acquirement
 32574 | D:14     | Killed Sonja
 32574 | D:14     | Received a gift from Okawaru
 32574 | D:14     | Reached skill level 15 in Dodging
 32713 | D:14     | Found a sacrificial altar of Ru.
 33002 | D:14     | Found a sparkling altar of Nemelex Xobeh.
 33132 | D:15     | Entered Level 15 of the Dungeon
 33288 | D:11     | Gained mutation: You expend magic power (3 MP) to strengthen your wands. [potion of mutation]
 33288 | D:11     | Gained mutation: Armour fits poorly on your strangely shaped body. [potion of mutation]
 33290 | D:11     | Lost mutation: Armour fits poorly on your strangely shaped body. [potion of cure mutation]
 33290 | D:11     | Lost mutation: You expend magic power (3 MP) to strengthen your wands. [potion of cure mutation]
 33335 | D:12     | Bought an uncursed ring of protection from magic for 350 gold pieces
 33832 | D:15     | Found a staircase to the Depths.
 33832 | D:15     | Noticed a fire giant
 33931 | D:15     | Killed a fire giant
 34023 | D:15     | Got a steaming scale mail
 34350 | D:11     | Identified the +6 scale mail of the Thistle {*Corrode rPois Str+5} (You found it on level 15 of the Dungeon)
 34382 | D:11     | Learned a level 2 spell: Corpse Rot
 34384 | D:11     | Learned a level 1 spell: Apportation
 34486 | Swamp:1  | Entered Level 1 of the Swamp
 34641 | Swamp:1  | Reached XP level 16. HP: 124/143 MP: 17/20
 34974 | Swamp:1  | Noticed Frances
 34993 | Swamp:1  | Killed Frances
 35541 | Swamp:2  | Noticed Nikola
 36139 | Swamp:2  | Received a gift from Okawaru
 36443 | Swamp:2  | Killed Nikola
 36443 | Swamp:2  | Reached skill level 15 in Fighting
 36914 | Swamp:3  | Got a heavily runed platinum amulet
 36917 | Swamp:3  | Identified the amulet of the Fiend {Faith *Drain rPois Int+9 Slay-5} (You found it on level 3 of the Swamp)
 37101 | Swamp:3  | Noticed a thorn hunter
 37137 | Swamp:3  | Killed a thorn hunter
 37296 | Swamp:3  | Got a twisted leather armour
 37354 | Swamp:3  | Identified the cursed +1 leather armour "Utuistig" {+Blink rCorr Str-4} (You found it on level 3 of the Swamp)
 38022 | Spider:1 | Entered Level 1 of the Spider Nest
 38533 | Spider:1 | Reached skill level 1 in Necromancy
 38583 | Spider:1 | Received a gift from Okawaru
 38620 | Spider:1 | Got an ichor-stained quarterstaff {god gift}
 38707 | Spider:1 | Identified the +8 quarterstaff "Imp's Peril" {vamp, rN+} (Okawaru gifted it to you on level 1 of the Spider Nest)
 39941 | Spider:2 | Reached XP level 17. HP: 161/161 MP: 21/21
 40291 | Spider:3 | Received a gift from Okawaru
 40297 | Spider:3 | Noticed Arachne
 40328 | Spider:3 | Killed Arachne
 40578 | Spider:3 | Reached skill level 5 in Charms
 40776 | Spider:3 | Received a gift from Okawaru
 40826 | Spider:2 | Reached skill level 5 in Necromancy
 41947 | Spider:4 | Entered Level 4 of the Spider Nest
 42370 | Spider:4 | Noticed Jorgrun
 42418 | Spider:4 | Noticed Mara
 42523 | Spider:4 | Noticed stickyfingers's illusion
 42534 | Spider:3 | Noticed stickyfingers's illusion
 42693 | Spider:4 | Killed Jorgrun
 42754 | Spider:4 | Noticed Wiglaf
 43031 | Spider:4 | Killed Wiglaf
 43064 | Spider:4 | Received a gift from Okawaru
 43931 | Spider:4 | Reached XP level 18. HP: 163/169 MP: 4/23
 44009 | Spider:4 | Received a gift from Okawaru
 44103 | Spider:4 | Got a gossamer rune of Zot
 44233 | Spider:3 | Noticed stickyfingers's illusion
 44260 | Spider:4 | Noticed stickyfingers's illusion
 44464 | Swamp:4  | Entered Level 4 of the Swamp
 45022 | Swamp:4  | Received a gift from Okawaru
 45022 | Swamp:4  | Reached skill level 10 in Evocations
 45176 | Swamp:4  | Got a transparent hat {god gift}
 45187 | Swamp:4  | Identified the +0 hat of Nuirof {rF+ rC+ Stlth+} (Okawaru gifted it to you on level 4 of the Swamp)
 45484 | Swamp:4  | Got a decaying rune of Zot
 45808 | Vaults:1 | Entered Level 1 of the Vaults
 45834 | Vaults:1 | Noticed RobertPalmer's ghost (adept DrCK)
 45836 | Vaults:1 | Upgraded the game from 0.18-a0-1396-g8753ca6 to 0.18-a0-1405-g73f4075
 45947 | D:11     | Learned a level 1 spell: Animate Skeleton
 46014 | Elf:1    | Entered Level 1 of the Elven Halls
 46252 | Elf:1    | Found Rapn's Weapon Shoppe.
 46638 | Elf:1    | Noticed Azrael
 46664 | Elf:1    | Killed Azrael
 48130 | Elf:2    | Found a huge runed gate.
 48130 | Elf:2    | Found a huge runed gate.
 48130 | Elf:2    | Found a huge runed gate.
 48130 | Elf:2    | Found a huge runed gate.
 48130 | Elf:2    | Found a huge runed gate.
 48204 | Elf:2    | Received a gift from Okawaru
 48205 | Elf:2    | Got an ebony quarterstaff {god gift}
 48559 | Elf:2    | Reached XP level 19. HP: 158/177 MP: 25/25
 48974 | Elf:2    | Identified the +8 quarterstaff of the Wilderness {flame, Str+2 Dex+4} (Okawaru gifted it to you on level 2 of the Elven Halls)
 49034 | Elf:3    | Entered Level 3 of the Elven Halls
 49459 | Elf:3    | Found a gateway to a bazaar.
 49955 | D:11     | Received a gift from Okawaru
 49973 | D:11     | Identified a +0 pair of boots of running (Okawaru gifted it to you on level 11 of the Dungeon)
 50678 | Elf:3    | Received a gift from Okawaru
 51022 | Elf:3    | Got a steaming quarterstaff {venom}
 51692 | Elf:3    | Identified the Papyrus of Black Secrets and Orientation (You found it on level 3 of the Elven Halls)
 51709 | Elf:3    | Got a faintly glowing gold dragon armour
 51711 | Elf:3    | Got a smoking scale mail
 51718 | Elf:3    | Got a pitted arbalest
 51735 | Elf:3    | Got a jewelled blowgun
 51878 | D:11     | Identified the cursed +1 gold dragon armour of the Ten Planets {+Inv rElec rPois rF+ rC+ Regen+ Slay+5} (You found it on level 3 of the Elven Halls)
 51878 | D:11     | Identified the +4 arbalest of Anguish {velocity, rElec SInv} (You found it on level 3 of the Elven Halls)
 51879 | D:11     | Identified the +6 blowgun of the Hidden Vale {speed, Str+4} (You found it on level 3 of the Elven Halls)
 51889 | D:11     | Identified the +2 quarterstaff "Souwex" {venom, Stlth+} (You took it off a deep elf annihilator on level 3 of the Elven Halls)
 51923 | D:11     | Identified the cursed +1 scale mail "Ytyeny" {MP+9 Dex+2 SInv} (You found it on level 3 of the Elven Halls)
 52158 | Vaults:1 | Killed RobertPalmer's ghost
 52811 | Vaults:1 | Found Eminwong's Weapon Emporium.
 53349 | Bazaar   | Entered a bazaar
 53349 | Bazaar   | Found Utuanod's Food Emporium.
 53349 | Bazaar   | Found Yxter's Jewellery Shoppe.
 53349 | Bazaar   | Found Meeneset's Food Shoppe.
 53349 | Bazaar   | Found Nuul's Distillery.
 53349 | Bazaar   | Found Wuol's Assorted Antiques.
 53365 | Bazaar   | Bought a scroll of fog for 38 gold pieces
 53365 | Bazaar   | Bought a scroll of teleportation for 57 gold pieces
 53365 | Bazaar   | Bought a gilded ring for 95 gold pieces
 53365 | Bazaar   | Bought a scroll of magic mapping for 66 gold pieces
 53373 | Bazaar   | Bought a potion of agility for 72 gold pieces
 53373 | Bazaar   | Bought a potion of agility for 72 gold pieces
 53373 | Bazaar   | Bought a potion of might for 72 gold pieces
 53373 | Bazaar   | Bought a potion of curing for 54 gold pieces
 53373 | Bazaar   | Bought a potion of heal wounds for 90 gold pieces
 53713 | Vaults:1 | Reached skill level 10 in Invocations
 53726 | Vaults:1 | Reached XP level 20. HP: 153/187 MP: 26/26
 53818 | Vaults:1 | Received a gift from Okawaru
 53819 | Vaults:1 | Got a dazzling dire flail {god gift}
 53820 | Vaults:1 | Identified the +7 dire flail "Egeimn" {crush, rF+} (Okawaru gifted it to you on level 1 of the Vaults)
 53855 | Vaults:1 | Noticed Asterion
 53870 | Vaults:1 | Killed Asterion
 55090 | Vaults:2 | Received a gift from Okawaru
 55441 | Vaults:3 | Found Jukk's Weapon Emporium.
 55503 | Vaults:3 | Found Uxiunn's General Store.
 55511 | Vaults:3 | Bought a scroll of fear for 63 gold pieces
 56198 | Vaults:3 | Found a staircase to the Crypt.
 56198 | Vaults:3 | Found a basalt altar of Yredelemnul.
 56198 | Vaults:3 | Found an ancient bone altar of Kikubaaqudgha.
 56517 | Vaults:3 | Found Tiyrch's Antique Weapon Shop.
 56555 | Vaults:3 | Found Gesachel's Weapon Shoppe.
 57007 | Vaults:3 | Found Opod's Food Boutique.
 57374 | Crypt:1  | Entered Level 1 of the Crypt
 57466 | Crypt:1  | Received a gift from Okawaru
 57614 | Crypt:1  | Reached skill level 15 in Invocations
 57682 | Crypt:1  | Received a gift from Okawaru
 58028 | Crypt:1  | Reached XP level 21. HP: 172/194 MP: 28/31
 58150 | Crypt:2  | Learned a level 2 spell: Repel Missiles
 58153 | Crypt:2  | Learned a level 2 spell: Swiftness
 58603 | Crypt:1  | Received a gift from Okawaru
 59065 | Crypt:1  | Got an ichor-stained plate armour
 59958 | Crypt:3  | Entered Level 3 of the Crypt
 60355 | Crypt:3  | Found a basalt altar of Yredelemnul.
 60658 | Crypt:3  | Received a gift from Okawaru
 61034 | Crypt:3  | Reached skill level 5 in Spellcasting
 61177 | Crypt:3  | Received a gift from Okawaru
 61710 | Crypt:3  | Received a gift from Okawaru
 61725 | Crypt:3  | Got a bloodstained hat {god gift}
 61746 | Crypt:3  | Identified the +4 hat of Uvvimag {rN+ MR+ Str+4} (Okawaru gifted it to you on level 3 of the Crypt)
 61751 | Crypt:3  | Noticed Boris
 62057 | Crypt:3  | Found a staircase to the Tomb.
 62107 | Crypt:3  | Identified the +3 plate armour of Niolehepn {rC+} (You found it on level 1 of the Crypt)
 62246 | Vaults:3 | Reached XP level 22. HP: 196/202 MP: 32/32
 62804 | Crypt:2  | Reached skill level 1 in Translocations
 62999 | Crypt:3  | Killed Boris
 62999 | Crypt:3  | Reached skill level 1 in Air Magic
 63015 | Crypt:3  | Got a twisted hunting sling
 63382 | Crypt:3  | Noticed Jory
 63452 | Crypt:3  | Killed Jory
 63564 | Crypt:3  | Got a faintly glowing copper ring
 63564 | Crypt:3  | Got an ancient turquoise ring
 63575 | Crypt:3  | Identified the ring of the Fool {rElec rN+ Str+4} (You found it on level 3 of the Crypt)
 63577 | Crypt:3  | Identified the ring "Wopyjeed" {rN+ Int+6} (You found it on level 3 of the Crypt)
 63582 | Crypt:3  | Identified the cursed +1 hunting sling of Ybidies {speed, rN+ Int+4} (You took it off a vampire knight on level 3 of the Crypt)
 64040 | Vaults:4 | Noticed Aizul
 64100 | Vaults:4 | Killed Aizul
 64306 | Vaults:4 | Found Qupa's Jewellery Boutique.
 64739 | Vaults:4 | Noticed Xtahua
 64774 | Vaults:4 | Killed Xtahua
 64918 | Vaults:4 | Received a gift from Okawaru
 65275 | Depths:1 | Entered Level 1 of the Depths
 65275 | Depths:1 | Found a shimmering altar of Xom.
 65278 | Depths:1 | Noticed Saint Roka
 65357 | Depths:1 | Received a gift from Okawaru
 65374 | Depths:1 | Killed Saint Roka
 65497 | Depths:1 | Got a glittering silver amulet
 65767 | Depths:1 | Found a gateway to a bazaar.
 65967 | Depths:1 | Noticed Margery
 65999 | Depths:1 | Killed Margery
 66082 | Depths:1 | Found a gateway to Hell.
 66099 | Depths:1 | Found a one-way gate to the infinite horrors of the Abyss.
 66158 | Depths:1 | Found a one-way gate leading to the halls of Pandemonium.
 66534 | D:11     | Identified the amulet of Biprir {Spirit -Tele rElec Dex+7} (You found it on level 1 of the Depths)
 66692 | Depths:2 | Reached skill level 1 in Shields
 66876 | Depths:2 | Received a gift from Okawaru
 66913 | Depths:2 | Got a faintly glowing quarterstaff {god gift}
 67418 | Depths:2 | Found an iron altar of Okawaru.
 67462 | Depths:2 | Reached XP level 23. HP: 211/211 MP: 33/33
 67647 | Depths:2 | Received a gift from Okawaru
 67931 | Depths:2 | Found a gateway to a ziggurat.
 68059 | Depths:2 | Identified the +4 quarterstaff "Unuat" {venom, rF+ rN+} (Okawaru gifted it to you on level 2 of the Depths)
 68108 | Depths:2 | Got a scorched cloak
 68110 | Depths:2 | Got an ancient cloak
 68127 | Depths:2 | Identified the +2 cloak "Yfoqi" {rElec rF+++ MR- Slay+3} (You found it on level 2 of the Depths)
 68137 | Depths:2 | Identified the +0 cloak "Huni" {+Fly rElec} (You found it on level 2 of the Depths)
 68160 | Depths:2 | Got a heavily runed cloak {god gift}
 68171 | Depths:2 | Identified the +0 cloak of Meomp {rPois MR+ Str+3} (Okawaru gifted it to you on level 2 of the Depths)
 68516 | Hell     | Entered the Vestibule of Hell
 68516 | Hell     | Noticed Geryon
 68722 | Hell     | Killed Geryon
 69072 | Hell     | Found a gateway to the Iron City of Dis.
 69240 | Hell     | Found a gateway to the decaying netherworld of Tartarus.
 69343 | Hell     | Found a gateway to the ashen valley of Gehenna.
 69359 | Hell     | Received a gift from Okawaru
 69482 | Hell     | Found a gateway to the freezing wastes of Cocytus.
 69826 | Depths:3 | Found a magical portal.
 69836 | WizLab   | Entered Lehudib's Moon Base
 69896 | WizLab   | Paralysed by a great orb of eyes for 3 turns
 70568 | WizLab   | Paralysed by accursed screaming for 1 turns
 71216 | WizLab   | Paralysed by a great orb of eyes for 2 turns
 71489 | WizLab   | Learned a level 2 spell: Blink
 71494 | WizLab   | Got a fine halberd
 71739 | D:11     | Got a scintillating lead ring
 71741 | D:11     | Identified the ring "Qounint" {Wiz rC+} (You acquired it on level 11 of the Dungeon)
 71748 | D:11     | Learned a level 4 spell: Animate Dead
 71930 | Depths:3 | Received a gift from Okawaru
 71973 | Depths:3 | Reached XP level 24. HP: 200/218 MP: 35/35
 72260 | Depths:3 | Noticed Boris
 72300 | Depths:3 | Killed Boris
 73135 | Depths:3 | Noticed a juggernaut
 73156 | Depths:3 | Killed a juggernaut
 73863 | Depths:3 | Got a shimmering jade ring
 74062 | Depths:4 | Paralysed by a vampire knight for 7 turns
 74271 | Depths:4 | Received a gift from Okawaru
 74398 | Depths:4 | Upgraded the game from 0.18-a0-1405-g73f4075 to 0.18-a0-1413-g4eaa9ac
 74470 | Depths:4 | Identified the ring "Keis" {*Tele rElec} (You found it on level 3 of the Depths)
 75061 | Depths:5 | Entered Level 5 of the Depths
 75061 | Depths:5 | Noticed the Enchantress
 75200 | Depths:5 | Received a gift from Okawaru
 75353 | Depths:4 | Paralysed by a sphinx for 6 turns
 75502 | Depths:4 | Killed the Enchantress
 75504 | Depths:4 | Got a faerie dragon armour
 75516 | Depths:4 | Identified the +3 faerie dragon armour {rC+ MR- MP+7 Int+4} (You took it off the Enchantress on level 4 of the Depths)
 75954 | Depths:5 | Received a gift from Okawaru
 75954 | Depths:5 | Reached skill level 5 in Translocations
 75977 | Depths:5 | Reached XP level 25. HP: 202/226 MP: 36/36
 76035 | Depths:5 | Received a gift from Okawaru
 76233 | Depths:5 | Noticed Frederick
 76281 | Depths:5 | Killed Frederick
 76576 | Depths:5 | Found a gate to the Realm of Zot.
 76966 | Bazaar   | Entered a bazaar
 76966 | Bazaar   | Found Haveaw's Magic Scroll Shop.
 76966 | Bazaar   | Found Fuowe's Jewellery Emporium.
 76987 | Bazaar   | Found Xemogoum's General Store.
 76995 | Bazaar   | Bought a scroll of teleportation for 36 gold pieces
 76995 | Bazaar   | Found Kuodghem's Antique Weapon Boutique.
 77006 | Bazaar   | Found Avis's Antique Armour Emporium.
 77035 | Bazaar   | Bought a scroll of brand weapon for 260 gold pieces
 77035 | Bazaar   | Bought a scroll of recharging for 123 gold pieces
 77035 | Bazaar   | Bought a scroll of summoning for 123 gold pieces
 77207 | D:11     | Learned a level 3 spell: Spectral Weapon
 77276 | D:11     | Reached XP level 26. HP: 234/236 MP: 10/37
 77533 | Vaults:4 | Bought the amulet of Irchatayh {*Confuse rN++ Regen+ Str+2 Dex+2} for 704 gold pieces
 77954 | Slime:1  | Entered Level 1 of the Pits of Slime
 78120 | Slime:1  | Gained mutation: Your body sometimes deteriorates upon taking damage. [a shining eye]
 79676 | Slime:4  | Received a gift from Okawaru
 79677 | Slime:4  | Got an opalescent robe {god gift}
 80435 | Slime:6  | Entered Level 6 of the Pits of Slime
 80671 | Slime:6  | Noticed the Royal Jelly
 80684 | Slime:6  | Killed the Royal Jelly
 81213 | Slime:6  | Identified Fuosmav's Reference Book on the Escort
 81306 | Slime:6  | Got a slimy rune of Zot
 81832 | Slime:5  | Reached XP level 27. HP: 248/248 MP: 37/37
 81880 | Slime:6  | Got a bloodstained ring mail
 81886 | Slime:6  | Got an ancient scale mail
 81938 | Slime:6  | Got a dazzling hand crossbow
 81941 | Slime:6  | Got an ichor-stained blowgun
 81955 | Slime:6  | Identified the Volume of Curses and Conjuration (You found it on level 6 of the Pits of Slime)
 82192 | D:11     | Identified the +0 ring mail of Zin's Favour {rC+ MP+9 Str+5} (You found it on level 6 of the Pits of Slime)
 82202 | D:11     | Identified the +1 scale mail of Gievifew {+Fly rPois Str+4 Stlth-} (You found it on level 6 of the Pits of Slime)
 82226 | D:11     | Identified the +11 hand crossbow of Duty {venom, +Fly rN++ MR+ Dex+2} (You found it on level 6 of the Pits of Slime)
 82227 | D:11     | Identified the +5 blowgun "Koyhuaf" {evade, MR+ Stlth+} (You found it on level 6 of the Pits of Slime)
 82253 | D:11     | Lost mutation: Your body sometimes deteriorates upon taking damage. [potion of cure mutation]
 82254 | D:11     | Gained mutation: Your mind is acute. (Int +2) [potion of mutation]
 82254 | D:11     | Gained mutation: Your magical capacity is low (-10% MP). [potion of mutation]
 82254 | D:11     | Gained mutation: Your movements are slightly less encumbered by armour (ER -2). [potion of mutation]
 82499 | Vaults:5 | Entered Level 5 of the Vaults
 82499 | Vaults:5 | Noticed Duffy's ghost (veteran TeGl)
 82601 | Vaults:4 | Reached skill level 5 in Shields
 82812 | Vaults:5 | Noticed an ancient lich
 83512 | Vaults:5 | Reached skill level 10 in Shields
 83535 | Vaults:5 | Got a silver rune of Zot
 83651 | Vaults:5 | Received a gift from Okawaru
 83818 | Vaults:5 | Noticed an ancient lich
 84485 | Vaults:5 | Killed an ancient lich
 84923 | Vaults:5 | Got a pair of dazzling boots
 84934 | Vaults:5 | Identified the +0 pair of boots "Jenax" {rElec rCorr} (You found it on level 5 of the Vaults)
 85173 | Vaults:5 | Killed Duffy's ghost
 85173 | Vaults:5 | Reached skill level 15 in Evocations
 85495 | Vaults:5 | Found Haphag's General Store.
 85516 | Vaults:5 | Got an ichor-stained ring mail
 85518 | Vaults:5 | Bought a scroll of enchant weapon for 97 gold pieces
 85518 | Vaults:5 | Bought a book of Beasts for 715 gold pieces
 85518 | Vaults:5 | Bought a potion of curing for 39 gold pieces
 85518 | Vaults:5 | Bought a potion of flight for 39 gold pieces
 85520 | Vaults:5 | Learned a level 1 spell: Summon Butterflies
 85569 | Vaults:5 | Identified the +4 ring mail "Juhomeso" {rN+ Str+3 Stlth-} (You found it on level 5 of the Vaults)
 85614 | Vaults:5 | Got a slimy ivory amulet
 85616 | Vaults:5 | Identified the amulet of Lies {rC+ rN+ Regen+ SInv} (You acquired it on level 5 of the Vaults)
 85619 | Vaults:5 | Got a dazzling plate armour
 85630 | Vaults:5 | Identified the +5 plate armour "Mekul Xau" {-Tele rN+ Str+4 SInv Stlth+} (You found it on level 5 of the Vaults)
 85652 | Vaults:5 | Killed an ancient lich
 86207 | D:11     | Learned a level 1 spell: Summon Small Mammal
 86443 | Zot:1    | Entered Level 1 of the Realm of Zot
 86613 | Zot:2    | Received a gift from Okawaru
 86626 | Zot:2    | Reached skill level 5 in Summonings
 87236 | Zot:5    | Entered Level 5 of the Realm of Zot
 87920 | Zot:5    | Reached skill level 1 in Hexes
 88169 | Zot:5    | Noticed an ancient lich
 88195 | Zot:5    | Killed an ancient lich
 88220 | Zot:5    | Noticed an orb of fire
 88237 | Zot:5    | Gained mutation: Scrolls take you a little longer to read. [an orb of fire]
 88238 | Zot:5    | Killed an orb of fire
 88258 | Zot:5    | Received a gift from Okawaru
 88438 | Zot:5    | Got the Orb of Zot
 88468 | Zot:5    | Noticed Himuh the pandemonium lord
 88471 | Zot:5    | Noticed an ancient lich
 88481 | Zot:5    | Killed an ancient lich
 88620 | Depths:4 | Noticed Oguosm the pandemonium lord
 88973 | Temple   | Fell from the grace of Okawaru
 88973 | Temple   | Became a worshipper of Yredelemnul the Dark
 89102 | D:4      | Noticed Torevorr the pandemonium lord
 89121 | D:4      | Killed Torevorr the pandemonium lord
 89211 | D:1      | Was placed under penance by Yredelemnul
 89214 | D:$      | Escaped with the Orb!

Vault maps used:
D:1:      minmay_arrival_stair_chambers
D:2:      first_bread
D:5:      lemuel_upstairs_altar, basic_altar
D:6:      uniq_grinder
D:7:      minmay_temple_entry_from_below_a, grunt_livestock,
          kennysheep_generic_room_6
D:8:      serial_shops, shop, minivault_14, minmay_joined_circles
D:9:      gammafunk_temple_overflow_statue, serial_shops,
          nicolae_shop_statue_plus, solitary_fountain
D:10:     orc_0_dummy
D:11:     grunt_lair_entry_orc_guard_hut, lemuel_mausoleum_altar_yredelemnul
D:12:     serial_shops, nicolae_shop_waterfront
D:13:     david_vaults_2, grunt_dithmenos_shadows, uniq_nessos
D:14:     basic_altar, nicolae_ru_path_of_blood, uniq_sonja
D:15:     grunt_enter_depths_giant_problem, serial_park_square1
Temple:   nicolae_temple_no_exploring_needed
Lair:1:   fungi_pond_lemuel, grunt_forest_small_clearing_treed,
          lemuel_fruit_tree, grunt_megastairs_4
Lair:2:   grunt_megastairs_2
Lair:3:   lemuel_reptile_caves, swamp_mist, beast_lair_carwin_8,
          serial_bayou_shore_b, grunt_megastairs_1
Lair:4:   boulder_dual_corridor_run
Lair:5:   small_statue_intersection
Lair:6:   spider_nest_entry_web_field, st_stairs_8,
          hangedman_lair_generics_rect, uniq_snorg
Lair:7:   st_stairs_9
Lair:8:   grunt_lair_end_beastmaster, nicolae_slime_entry_slimehenge,
          basic_altar, nicolae_lair_yak_garden
Swamp:1:  evilmike_swamp_ruin_rubble_2, infiniplex_staircase_pool, uniq_frances
Swamp:2:  nicolae_swamp_dense_foliage, swamp_pool5, uniq_nikola
Swamp:3:  evilmike_swamp_ruin_house_2
Swamp:4:  swamp, swamp_pool5
Spider:2: nicolae_orb_stairs
Spider:3: nicolae_arachne_temple
Spider:4: grunt_spider_rune_parallel, uniq_jorgrun, uniq_mara, uniq_wiglaf
Orc:1:    nicolae_volcano_entry_s_turn, serial_shops, nicolae_shop_waterfront,
          uniq_erolcha
Orc:2:    st_orc_rangers, serial_shops, shop, uniq_rupert
Elf:1:    serial_shops, shop, minivault_28, lemuel_flame_loot_1, uniq_azrael
Elf:2:    nicolae_wwwww, st_stairs_9
Elf:3:    elf_hall, serial_shops, bzr_entry_gold, serial_sigils_hangedman_snap
Vaults:1: hangedman_vaults_trim, v_misc_1, hangedman_vaults_corner_blocks,
          nicolae_vaults_asterisk, v_pattern_5, nicolae_vaults_border_crossing,
          vaults_room_pool, nicolae_vaults_big_angled_halls, v_misc_30,
          v_alt_pattern_6, ontoclasm_vaults_ligature, serial_shops, shop_statue,
          uniq_asterion
Vaults:2: nicolae_vaults_hallways_thing, hangedman_vaults_nails,
          ontoclasm_vaults_shuriken, ontoclasm_vaults_loading_screen,
          grunt_vaults_focal, v_misc_8, nicolae_vaults_little_squares_3,
          nicolae_vaults_little_squares_1, v_alt_pattern_1, vaults_dpeg_ring
Vaults:3: vaults_dpeg_spiral, v_misc_9, minmay_crypt_entry_necro_gods,
          hangedman_vaults_nodes, nicolae_vaults_little_squares_1,
          ontoclasm_vaults_bender, v_misc_19, v_misc_33, grunt_vaults_twisty,
          hangedman_vaults_stream, grunt_vaults_hallway_short,
          hangedman_vaults_maws, vaults_mumra_lcd, v_misc_16, v_misc_17,
          vaults_dpeg_diagonal, serial_shops, shop,
          nicolae_shop_temple_entry_statues_fountains, shop, shop, shop
Vaults:4: hangedman_vaults_snaps, nicolae_vaults_circle_grid_a,
          nicolae_vaults_what_the_h, ontoclasm_vaults_ring_square,
          vaults_room_door_ring, hangedman_vaults_pinch,
          nicolae_vaults_mini_display_case, nicolae_vaults_ring_of_whatevers,
          grunt_vaults_hallway_short, serial_shops, shop, uniq_xtahua,
          uniq_aizul
Crypt:1:  st_vampire_maze
Crypt:3:  church_of_pain_bobbens, nicolae_tomb_entry_grand_gallery, uniq_boris
Depths:1: grunt_metal_band, minmay_misc_feat_rugged, serial_shops,
          bzr_entry_islet, pan_entry, abyss_entry_glasseish,
          statue_in_the_mist_lemuel, minivault_10, grunt_decor_one_mirror,
          xom_teletrap_fun, uniq_saint_roka
Depths:2: evilmike_iron_armoury, enter_ziggurat_c, fountainhead,
          pf_vacation_house_of_asmodeus, minmay_gold_behind_fungi,
          hangedman_decor_peaks_small
Depths:3: minmay_nine_rooms, pf_hell_entry_tar_river, mu_enter_wizlab_4,
          grunt_pan_entry_in_and_out, serial_sigils_hangedman_shear,
          minmay_staircase_statues, uniq_boris
Depths:4: evilmike_horseshoe, hell_entry, minmay_room_of_horrors, pan_entry,
          minmay_staircase_windowed_small, glass_columns_c
Depths:5: grunt_zot_entry_bicorn, hell_entry, solitary_fountain, uniq_frederick,
          uniq_enchantress
Zot:1:    st_stairs_11, grunt_megastairs_3
Zot:3:    st_large_dragon_hoard_1
Zot:5:    basic_stair_grate_trap
Bazaar:   bazaar_minmay_row, bazaar_lake
Volcano:  volcano_aerie
WizLab:   wizlab_lehudib

Skill      XL: |  1  2  3  4  5  6  7  8  9 10 11 12 13 14 15 16 17 18 19 20 21 22 23 24 25 26 27 |
---------------+----------------------------------------------------------------------------------+-----
Maces & Flails | 3 4 5 6 7 8 9 11 12 13 14 | 14.0
Armour         | 3 7 8 10 11 13 16 18 20 21 22 | 22.0
Dodging        | 4 6 7 9 12 13 15 17 18 19 20 22 | 22.0
Fighting       | 5 7 9 11 12 13 17 18 19 20 22 | 22.0
Invocations    | 2 4 7 10 15 18 21 22 | 22.1
Staves         | 9 11 | 11.6
Evocations     | 6 7 10 17 | 17.9
Necromancy     | 2 6 7 8 |  8.0
Charms         | 3 6 7 8 |  8.0
Spellcasting   | 4 5 6 |  6.0
Translocations | 4 5 6 |  6.0
Air Magic      | 2 |  2.0
Shields        | 4 13 | 13.0
Summonings     | 6 |  6.0
Hexes          | 4 |  4.0

Action                   |  1- 3 |  4- 6 |  7- 9 | 10-12 | 13-15 | 16-18 | 19-21 | 22-24 | 25-27 || total
-------------------------+-------+-------+-------+-------+-------+-------+-------+-------+-------++-------
Melee: Mace              |   111 |    19 |       |       |       |       |       |       |       ||   130
       Flail             |       |   180 |   112 |       |       |       |       |       |       ||   292
       Morningstar       |       |       |   142 |   121 |       |       |       |       |       ||   263
       Lajatang          |       |       |       |   477 |       |   167 |       |       |       ||   644
       Quarterstaff      |       |       |       |   459 |  1924 |  2911 |   750 |       |       ||  6044
       Dire flail        |       |       |       |       |       |       |  2361 |   647 |       ||  3008
       Demon whip        |       |       |       |       |       |       |       |  2611 |  2641 ||  5252
 Fire: Shortbow          |       |       |       |     5 |       |       |       |       |       ||     5
       Blowgun           |       |       |       |    25 |    47 |     8 |     1 |       |       ||    81
       Longbow           |       |       |       |     2 |     2 |     9 |       |       |       ||    13
Throw: Stone             |       |     3 |     5 |     1 |     2 |     3 |       |   133 |     1 ||   148
 Cast: Infusion          |     6 |     3 |       |       |       |       |       |       |       ||     9
       Regeneration      |       |       |       |       |       |    33 |   118 |    57 |    49 ||   257
       Shroud of Golubri |       |       |       |       |       |     1 |       |     3 |     2 ||     6
       Apportation       |       |       |       |       |       |       |     1 |       |     9 ||    10
       Corpse Rot        |       |       |       |       |       |       |     1 |       |       ||     1
       Repel Missiles    |       |       |       |       |       |       |     2 |    15 |    11 ||    28
       Blink             |       |       |       |       |       |       |       |       |     3 ||     3
       Song of Slaying   |       |       |       |       |       |       |       |       |     4 ||     4
Invok: Heroism           |       |       |     1 |     2 |     1 |     6 |     5 |    10 |     9 ||    34
       Finesse           |       |       |       |       |     1 |     1 |     2 |     1 |     4 ||     9
 Abil: Evoke Berserk Rag |       |     4 |    11 |     7 |    20 |       |       |       |       ||    42
       Evoke Flight      |       |       |       |     1 |     1 |       |       |       |       ||     2
Evoke: Wand              |       |       |       |    13 |     7 |     2 |     5 |     4 |    18 ||    49
       Phial of floods   |       |       |       |       |     1 |       |       |       |       ||     1
       Sack of spiders   |       |       |       |       |       |       |       |     2 |     8 ||    10
       Lamp of fire      |       |       |       |       |       |       |       |       |     1 ||     1
       Deck              |       |       |       |       |       |       |       |       |     2 ||     2
       Horn of Geryon    |       |       |       |       |       |       |       |       |     1 ||     1
  Use: Scroll            |       |     6 |     4 |    12 |    10 |    11 |    16 |    17 |    23 ||    99
       Potion            |       |       |       |     5 |     4 |     3 |       |     4 |    17 ||    33
 Stab: Confused          |       |       |       |       |     2 |     5 |       |       |       ||     7
       Distracted        |       |       |       |       |       |       |       |     2 |     1 ||     3
  Eat: Chunk             |     3 |    11 |    14 |    40 |    63 |    46 |    34 |    43 |    17 ||   271
       Pizza             |       |     1 |     1 |     1 |     1 |     5 |     3 |     1 |       ||    13
       Beef jerky        |       |       |     2 |     2 |       |     1 |     1 |       |     2 ||     8
       Fruit             |       |       |       |     4 |       |       |     3 |     5 |     3 ||    15
       Royal jelly       |       |       |       |     1 |       |     1 |     1 |       |     1 ||     4
       Bread ration      |       |       |       |       |       |       |     5 |     2 |     6 ||    13
       Meat ration       |       |       |       |       |       |       |       |       |     3 ||     3

Vault maps used:
D:1:      minmay_arrival_stair_chambers
D:2:      first_bread
D:5:      lemuel_upstairs_altar, basic_altar
D:6:      uniq_grinder
D:7:      minmay_temple_entry_from_below_a, grunt_livestock,
          kennysheep_generic_room_6
D:8:      serial_shops, shop, minivault_14, minmay_joined_circles
D:9:      gammafunk_temple_overflow_statue, serial_shops,
          nicolae_shop_statue_plus, solitary_fountain
D:10:     orc_0_dummy
D:11:     grunt_lair_entry_orc_guard_hut, lemuel_mausoleum_altar_yredelemnul
D:12:     serial_shops, nicolae_shop_waterfront
D:13:     david_vaults_2, grunt_dithmenos_shadows, uniq_nessos
D:14:     basic_altar, nicolae_ru_path_of_blood, uniq_sonja
D:15:     grunt_enter_depths_giant_problem, serial_park_square1
Temple:   nicolae_temple_no_exploring_needed
Lair:1:   fungi_pond_lemuel, grunt_forest_small_clearing_treed,
          lemuel_fruit_tree, grunt_megastairs_4
Lair:2:   grunt_megastairs_2
Lair:3:   lemuel_reptile_caves, swamp_mist, beast_lair_carwin_8,
          serial_bayou_shore_b, grunt_megastairs_1
Lair:4:   boulder_dual_corridor_run
Lair:5:   small_statue_intersection
Lair:6:   spider_nest_entry_web_field, st_stairs_8,
          hangedman_lair_generics_rect, uniq_snorg
Lair:7:   st_stairs_9
Lair:8:   grunt_lair_end_beastmaster, nicolae_slime_entry_slimehenge,
          basic_altar, nicolae_lair_yak_garden
Swamp:1:  evilmike_swamp_ruin_rubble_2, infiniplex_staircase_pool, uniq_frances
Swamp:2:  nicolae_swamp_dense_foliage, swamp_pool5, uniq_nikola
Swamp:3:  evilmike_swamp_ruin_house_2
Swamp:4:  swamp, swamp_pool5
Spider:2: nicolae_orb_stairs
Spider:3: nicolae_arachne_temple
Spider:4: grunt_spider_rune_parallel, uniq_jorgrun, uniq_mara, uniq_wiglaf
Orc:1:    nicolae_volcano_entry_s_turn, serial_shops, nicolae_shop_waterfront,
          uniq_erolcha
Orc:2:    st_orc_rangers, serial_shops, shop, uniq_rupert
Elf:1:    serial_shops, shop, minivault_28, lemuel_flame_loot_1, uniq_azrael
Elf:2:    nicolae_wwwww, st_stairs_9
Elf:3:    elf_hall, serial_shops, bzr_entry_gold, serial_sigils_hangedman_snap
Vaults:1: hangedman_vaults_trim, v_misc_1, hangedman_vaults_corner_blocks,
          nicolae_vaults_asterisk, v_pattern_5, nicolae_vaults_border_crossing,
          vaults_room_pool, nicolae_vaults_big_angled_halls, v_misc_30,
          v_alt_pattern_6, ontoclasm_vaults_ligature, serial_shops, shop_statue,
          uniq_asterion
Vaults:2: nicolae_vaults_hallways_thing, hangedman_vaults_nails,
          ontoclasm_vaults_shuriken, ontoclasm_vaults_loading_screen,
          grunt_vaults_focal, v_misc_8, nicolae_vaults_little_squares_3,
          nicolae_vaults_little_squares_1, v_alt_pattern_1, vaults_dpeg_ring
Vaults:3: vaults_dpeg_spiral, v_misc_9, minmay_crypt_entry_necro_gods,
          hangedman_vaults_nodes, nicolae_vaults_little_squares_1,
          ontoclasm_vaults_bender, v_misc_19, v_misc_33, grunt_vaults_twisty,
          hangedman_vaults_stream, grunt_vaults_hallway_short,
          hangedman_vaults_maws, vaults_mumra_lcd, v_misc_16, v_misc_17,
          vaults_dpeg_diagonal, serial_shops, shop,
          nicolae_shop_temple_entry_statues_fountains, shop, shop, shop
Vaults:4: hangedman_vaults_snaps, nicolae_vaults_circle_grid_a,
          nicolae_vaults_what_the_h, ontoclasm_vaults_ring_square,
          vaults_room_door_ring, hangedman_vaults_pinch,
          nicolae_vaults_mini_display_case, nicolae_vaults_ring_of_whatevers,
          grunt_vaults_hallway_short, serial_shops, shop, uniq_xtahua,
          uniq_aizul
Crypt:1:  st_vampire_maze
Crypt:3:  church_of_pain_bobbens, nicolae_tomb_entry_grand_gallery, uniq_boris
Depths:1: grunt_metal_band, minmay_misc_feat_rugged, serial_shops,
          bzr_entry_islet, pan_entry, abyss_entry_glasseish,
          statue_in_the_mist_lemuel, minivault_10, grunt_decor_one_mirror,
          xom_teletrap_fun, uniq_saint_roka
Depths:2: evilmike_iron_armoury, enter_ziggurat_c, fountainhead,
          pf_vacation_house_of_asmodeus, minmay_gold_behind_fungi,
          hangedman_decor_peaks_small
Depths:3: minmay_nine_rooms, pf_hell_entry_tar_river, mu_enter_wizlab_4,
          grunt_pan_entry_in_and_out, serial_sigils_hangedman_shear,
          minmay_staircase_statues, uniq_boris
Depths:4: evilmike_horseshoe, hell_entry, minmay_room_of_horrors, pan_entry,
          minmay_staircase_windowed_small, glass_columns_c
Depths:5: grunt_zot_entry_bicorn, hell_entry, solitary_fountain, uniq_frederick,
          uniq_enchantress
Zot:1:    st_stairs_11, grunt_megastairs_3
Zot:3:    st_large_dragon_hoard_1
Zot:5:    basic_stair_grate_trap
Bazaar:   bazaar_minmay_row, bazaar_lake
Volcano:  volcano_aerie
WizLab:   wizlab_lehudib
